 Dungeon Crawl Stone Soup version 0.31.0-11-ge490571c62 (webtiles) character file.

Game seed: 11890826091457122059

42 hawla the Gusty (level 3, -1/20 HPs)
             Began as a Deep Elf Air Elementalist on Feb 10, 2024.
             Slain by a gnoll
             ... wielding a +0 club
              (3 damage)
             ... on level 2 of the Dungeon.
             The game lasted 00:06:47 (1052 turns).

hawla the Gusty (Deep Elf Air Elementalist)         Turns: 1052, Time: 00:06:48

Health: -1/20      AC:  6    Str:  8    XL:     3   Next: 35%
Magic:  3/9        EV: 12    Int: 21    God:
Gold:   80         SH:  0    Dex: 15    Spells: 5/8 levels left

rFire   . . .        e - +1 dagger (venom)
rCold   . . .        (no shield)
rNeg    . . .        a - +0 robe
rPois   .            (no helmet)
rElec   .            (no cloak)
rCorr   .            m - +1 pair of gloves "Taabal" {^Drain +Blink Str+3}
SInv    .            l - +1 pair of boots
Will    .....        (no amulet)
Stlth   ++           (no ring)
HPRegen 0.23/turn    (no ring)
MPRegen 0.11/turn

%: no passive effects
@: mighty
A: no striking features
a: Evoke Blink


You were on level 2 of the Dungeon.
You visited 1 branch of the dungeon, and saw 2 of its levels.

You collected 80 gold pieces.

Inventory:

Hand Weapons
 e - a +1 dagger of venom (weapon)
Armour
 a - a +0 robe (worn)
 l - a +1 pair of boots (worn)
 m - the +1 pair of gloves "Taabal" (worn) {^Drain +Blink Str+3}
   (You found it on level 2 of the Dungeon)

   Str+3:     It affects your strength (+3).
   +Blink:    It lets you blink.
   ^Drain:    It drains your maximum health when unequipped.
Scrolls
 c - a scroll of poison {unknown}
 j - a scroll of identify
 n - a scroll of teleportation {unknown}
Potions
 b - a potion of magic
 d - 2 potions of brilliance
 g - a potion of mutation {unknown}
 h - a potion of resistance {unknown}
 i - a potion of curing {unknown}
 k - a potion of cancellation {unknown}


   Skills:
 - Level 1.0 Fighting
 - Level 2.4 Dodging
 - Level 2.4 Stealth
 - Level 3.0 Spellcasting
 - Level 3.0 Conjurations
 - Level 3.0 Air Magic
 + Level 1.1 Alchemy


You had 5 spell levels left.
You knew the following spells:

 Your Spells              Type           Power      Damage    Failure   Level
a - Shock                 Conj/Air       60%        1d6       3%          1
b - Mercury Vapours       Alch/Air       22%        N/A       9%          2

Your spell library contained the following spells:

 Spells                   Type           Power      Damage    Failure   Level
 Sting                    Conj/Alch      44%        1d5       6%          1
 Static Discharge         Conj/Air       30%        3-5/arc   6%          2
 Swiftness                Air            15%        N/A       12%         3
 Call Imp                 Summ           6%         N/A       21%         2
 Lesser Beckoning         Tloc           6%         N/A       21%         2
 Sublimation of Blood     Necr           3%         N/A       21%         2
 Gell's Gravitas          Tloc           3%         N/A       36%         3
 Inner Flame              Hex/Fire       3%         N/A       36%         3
 Teleport Other           Tloc           3%         N/A       36%         3
 Airstrike                Air            7%         2d(2-18)  36%         4
 Olgreb's Toxic Radiance  Alch           7%         N/A       63%         4
 Irradiate                Conj/Alch      5%         3d13      85%         5
 Summon Hydra             Summ           1%         N/A       100%        7
 Ignition                 Fire           1%         3d3       100%        8


Dungeon Overview and Level Annotations

Branches:
Dungeon (2/15)

Altars:

Shops:
D:1 :(


Message History

Press: ? - help, Shift-Dir - straight line, f - adder, p - gnoll
Aim: an adder (53% to hit)
The zap hits the adder.
The adder is moderately wounded.
The adder bites you but does no damage.
You hit the adder.
The adder is moderately wounded.
The adder barely misses you.
A gnoll comes into view. It is wielding a +0 club.
The gnoll hits you with a +0 whip.
Your magical contamination has completely faded away.
Unknown command.
You miss the adder.
The adder is moderately wounded.
The adder bites you but does no damage. The gnoll hits you with a +0 whip.
You hit the adder.
The adder is poisoned.
The adder is almost dead.
The adder misses you. The adder bites you but does no damage.
The gnoll hits you with a +0 whip.
You hit the adder.
You kill the adder!
The gnoll barely misses you.
Your Alchemy skill increases to level 1!
You hit the gnoll.
The gnoll is lightly wounded.
The gnoll hits you but does no damage. The gnoll hits you with a +0 club.
You barely miss the gnoll.
The gnoll is lightly wounded.
The gnoll hits you but does no damage. The gnoll hits you with a +0 club.
You hit the gnoll but do no damage.
The gnoll is lightly wounded.
The gnoll hits you with a +0 club.
* * * LOW HITPOINT WARNING * * *
The gnoll hits you with a +0 whip.
* * * LOW HITPOINT WARNING * * *
Unknown command.
It was a potion of might.
You feel very mighty all of a sudden. The gnoll barely misses you.
The gnoll hits you with a +0 club.
You die...

#.####...##############.
#.....................#.
####..###############.#.
#...################.#.
#>...................#'
#..###.......#####.....
##. #...$...# #..... #.
#.......# #..... ##
#@......# #.....
#gg.....# #.....
gB......# ######
..g......# ..#.#######
...#.. ....##. .... .


You could see 3 gnolls, a giant cockroach and a hobgoblin.

Vanquished Creatures
  A gnoll (D:2)
  An adder (D:2)
  2 dart slugs (D:1)
  A bat (D:1)
  An endoplasm (D:1)
  3 goblins (D:1)
  4 jackals (D:1)
  2 ball pythons
  A frilled lizard (D:1)
  A kobold (D:1)
  3 rats (D:1)
20 creatures vanquished.

Notes
Turn   | Place    | Note
-------+----------+-------------------------------------------
     0 | D:1      | hawla the Deep Elf Air Elementalist began the quest for the
                  | Orb.
     0 | D:1      | Reached XP level 1. HP: 10/10 MP: 6/6
   137 | D:1      | Reached skill level 1 in Fighting
   224 | D:1      | Found Ojiopsas's Vocational Training.
   298 | D:1      | Reached XP level 2. HP: 16/16 MP: 8/8
   321 | D:1      | Found Kipephig's Weapon Boutique.
   525 | D:1      | Found a faded altar of an unknown god.
   816 | D:1      | Learned a level 2 spell: Mercury Vapours
   954 | D:2      | Identified the +1 pair of gloves "Taabal" {^Drain +Blink
                  | Str+3}
  1043 | D:2      | Reached XP level 3. HP: 20/20 MP: 4/9
  1049 | D:2      | Reached skill level 1 in Alchemy
  1052 | D:2      | Slain by a gnoll

Illustrated notes

Levels and vault maps discovered:
D:1:      lemuel_arrival_funnel, layout_loops_cross,
          shapermc_ecumenical_altar_venn, serial_shops, shop,
          nicolae_shop_vocational
D:2:      layout_basic, uniq_jessica

Skill      XL: |  1  2  3 |
---------------+----------+-----
Fighting       | 1 |  1.0
Conjurations   | 3 |  3.0
Alchemy        | 1 |  1.1
Dodging        | |  2.4
Stealth        | |  2.4
Spellcasting   | |  3.0
Air Magic      | |  3.0

Action                     || total
---------------------------++-------
  Melee: Dagger            ||    31
   Cast: Shock             ||    23
    Use: Scroll            ||     3
         Potion            ||     1
   Stab: Sleeping          ||     2
 Armour: Robe              ||    28
  Dodge: Dodged            ||    17
